 Dungeon Crawl Stone Soup version 0.29-a0-311-gcbd9eb2193 (webtiles) character file.

Game seed: 17840746334949472460

13 Inarius the Ducker (level 2, 0/14 HPs)
             Began as a Felid Chaos Knight on Mar 28, 2022.
             Was a Plaything of Xom.
             Constricted to death by a ball python (1 damage)
             ... on level 1 of the Dungeon.
             The game lasted 00:00:33 (325 turns).

Inarius the Ducker (Felid Chaos Knight)              Turns: 325, Time: 00:00:34

Health: 0/14       AC:  1    Str:  8    XL:     2   Next: 24%
Magic:  3/3        EV: 14    Int: 13    God:    Xom [...*..]
Gold:   12         SH:  0    Dex: 15    Spells: 1/1 levels left
                                        Lives:  0   Deaths: 0

rFire   . . .      SeeInvis +     - Unarmed
rCold   . . .      Faith    .   (shield unavailable)
rNeg    . . .      Spirit   .   (body armour unavailable)
rPois   .          Reflect  .   (helmet unavailable)
rElec   .          Harm     .   (cloak unavailable)
rCorr   .          Rampage  .   (gloves unavailable)
Will    .....                   (boots unavailable)
Stlth   ++........              (no amulet)
HPRegen 0.04/turn               (no ring)
MPRegen 0.08/turn               (no ring)

@: constricted, quick
A: very small, claws 1, fangs 3, see invisible, speed 1, shaggy fur 1, stealthy
paws, no weapons or thrown items, no armour, multi-lived
a: Renounce Religion


You were on level 1 of the Dungeon.
You worshipped Xom.
You were a favourite toy of Xom.
You visited 1 branch of the dungeon, and saw 1 of its levels.

You collected 12 gold pieces.

Inventory:

Scrolls
 b - a scroll of immolation {unknown}
Miscellaneous
 a - a piece from Xom's chessboard (15/15) (quivered)


   Skills:
 + Level 3.1 Fighting
 + Level 3.3 Dodging
 * Level 1.0 Stealth
 + Level 3.2 Unarmed Combat
 * Level 0.5 Evocations


You had one spell level left.
You didn't know any spells.
Your spell library was empty.

Dungeon Overview and Level Annotations

Branches:
Dungeon (1/15)

Altars:


Innate Abilities, Weirdness & Mutations

You have sharp claws.
You have razor-sharp teeth.
You have supernaturally acute eyesight. (SInv)
You cover ground quickly. (Speed+)
You are covered in fur. (AC +1)
Your paws help you pounce on unaware monsters.
You are incapable of wielding weapons or throwing items.
You cannot wear armour.
You gain extra lives every three experience levels.


Message History

No target in view!
No target in view!
No target in view! "Let's go for a ride!"
Your surroundings suddenly seem different.
A kobold comes into view. It is wielding a +0 short sword.
Your surroundings suddenly seem different.
A ball python, 4 jackals, an endoplasm and a giant cockroach come into view.
Found two stone staircases leading down.
You are now a favourite toy of Xom.
The kobold moves out of view.
The jackal barks! x2; You hear an angry hiss.
A giant cockroach comes into view.
A kobold comes into view. It is wielding a +0 short sword.
A hobgoblin comes into view.
The jackal attacks as you move away! The jackal barely misses you.
Found a stone staircase leading down.
A jackal comes into view.
The jackal barks!
The kobold shouts!
A jackal comes into view.
A jackal comes into view.
The jackal barks!
You hear an angry hiss.
A bat comes into view.
Found a tiny copper amulet.
The kobold hits you with a +0 short sword.
The hobgoblin hits you.
* * * LOW HITPOINT WARNING * * *
The jackal misses you.
Found a scroll labelled SOOWYKY FAATAA.
The jackal misses you. The jackal bites you.
* * * LOW HITPOINT WARNING * * *
The kobold completely misses you. The jackal bites you.
* * * LOW HITPOINT WARNING * * *
A ball python comes into view.
The jackal barks!
The bat closely misses you. The ball python misses you.
The ball python grabs you. The ball python constricts you.
You die...
Xom bursts into laughter!

# #### .#. ......
##.##.#.... ###
##............> ...
....#.#......# #..
#........J...#
#...##.##..##......
#?...@Kbh..."....
....#.##S#hh###..#
. # #.Bgh##.>.#
#.#h.h....#
#..#.##...#
#.###.....#
....#...h.....♣
..........h.#..♣
....>##.###### ...


You could see 6 jackals, a giant cockroach, a hobgoblin, a bat, a ball python
and a kobold.

Vanquished Creatures
  3 hobgoblins (D:1)
  4 jackals (D:1)
  2 bats (D:1)
  2 rats (D:1)
11 creatures vanquished.

Vanquished Creatures (others)
  2 withered plants (D:1)
2 creatures vanquished.

Grand Total: 13 creatures vanquished

Notes
Turn   | Place    | Note
-------+----------+-------------------------------------------
     0 | D:1      | Inarius the Felid Chaos Knight began the quest for the Orb.
     0 | D:1      | Reached XP level 1. HP: 10/10 MP: 2/2
    51 | D:1      | Reached XP level 2. HP: 11/14 MP: 3/3
   217 | D:1      | Reached skill level 1 in Stealth
   294 | D:1      | XOM: divination: detect items
   297 | D:1      | XOM: divination: detect creatures
   316 | D:1      | XOM: 2-stop teleportation journey
   325 | D:1      | Constricted to death by a ball python

Illustrated notes

Levels and vault maps discovered:
D:1:      ncdulo_watergridlock, layout_loops_ring,
          ebering_ecumenical_altar_petrified

Skill      XL: |  1  2 |
---------------+-------+-----
Stealth        | 1 |  1.0
Fighting       | |  3.1
Dodging        | |  3.3
Unarmed Combat | |  3.2
Evocations     | |  0.5

Action                   || total
-------------------------++-------
Melee: Unarmed           ||    39
       Bite              ||     5
Armor: Skin              ||     2
Dodge: Dodged            ||    47

Table legend: (Time is in decaauts)
 A = Elapsed time spent in this place.
 B = Non-inter-level travel time spent in this place.
 C = Inter-level travel time spent in this place.
 D = Time resting spent in this place.
 E = Time spent auto-exploring this place.
 F = Levels seen in this place.
 G = Mean time per level.
                   A        B        C        D        E       F      G
               +--------+--------+--------+--------+--------+-----+--------+
         Total |    298 |    298 |      0 |    131 |     94 |   1 |  298.0 |
       Dungeon |    298 |    298 |      0 |    131 |     94 |   1 |  298.0 |
               +--------+--------+--------+--------+--------+-----+--------+

Top non-repeatable levels by time:
     D:1: 298 daAuts
